 Dungeon Crawl Stone Soup version 0.20.0-8-g6b59dc7 (webtiles) character file.

114 Minion the Ruffian (level 4, -1/36 HPs)
             Began as a Draconian Transmuter on May 31, 2017.
             Slain by Deemzul's ghost (6 damage)
             ... on level 3 of the Dungeon.
             The game lasted 00:04:39 (1870 turns).

Minion the Ruffian (Draconian Transmuter)           Turns: 1870, Time: 00:04:40

Health: -1/36      AC:  6    Str: 13    XL:     4   Next: 67%
Magic:  0/7        EV: 12    Int: 13    God:
Gold:   146        SH:  0    Dex: 12    Spells: 2/8 levels left

rFire    . . .     SeeInvis .     - Unarmed
rCold    . . .     Gourm    .   (no shield)
rNeg     . . .     Faith    .   (armour unavailable)
rPois    .         Spirit   .   (helmet restricted)
rElec    .         Reflect  .   (no cloak)
rCorr    .         Harm     .   (no gloves)
MR       .....                  e - +0 pair of boots
Stlth    +.........             (no amulet)
Regen    0.2/turn               (no ring)
MPRegen  0.1/turn               (no ring)

@: very slightly contaminated
A: unfitting armour, cold-blooded, AC +5
a: no special abilities


You were on level 3 of the Dungeon.
You were hungry.

You visited 1 branch of the dungeon, and saw 3 of its levels.

You collected 146 gold pieces.

Inventory:

Missiles
 a - 45 arrows
Armour
 e - a +0 pair of boots (worn)
Jewellery
 j - an uncursed ring of protection from fire {unknown}
 o - an uncursed ring of fire {unknown}
Scrolls
 f - a scroll of teleportation {unknown}
 g - 4 scrolls of enchant weapon {unknown}
 h - a scroll of identify {unknown}
 i - 2 scrolls of remove curse {unknown}
 l - a scroll of blinking {unknown}
 n - a scroll of immolation {unknown}
Potions
 k - 2 potions of might {unknown}
 m - a potion of curing {unknown}
Books
 b - a book of Changes

   Spells                             Type                      Level
   a - Beastly Appendage              Transmutation                1
   b - Sticks to Snakes               Transmutation                2
   c - Spider Form                    Transmutation/Poison         3
   d - Ice Form                       Ice/Transmutation            4
   e - Blade Hands                    Transmutation                5
Comestibles
 c - 3 bread rations
 d - 5 chunks of flesh
 p - a royal jelly


   Skills:
 + Level 2.1 Fighting
 + Level 2.5 Dodging
 + Level 3.6 Unarmed Combat
 + Level 2.5 Spellcasting
 + Level 3.0 Transmutations


You had 2 spell levels left.
You knew the following spells:

 Your Spells              Type           Power        Failure   Level  Hunger
a - Beastly Appendage     Tmut           #.....       7%          1    #......
b - Sticks to Snakes      Tmut           #.......     11%         2    ###....
c - Spider Form           Tmut/Pois      #.........   36%         3    ###....


Dungeon Overview and Level Annotations

Branches:
Dungeon (3/15)

Altars:
Elyvilon

Annotations:
D:2 1 runed door
D:3 Deemzul's ghost, weakling FeBe


Innate Abilities, Weirdness & Mutations

Your plain brown scales are hard. (AC +5)
You cannot fit into any form of body armour.
You are cold-blooded and may be slowed by cold attacks.


Message History

Your ball python completely misses the adder.
Your ball python closely misses the adder.
You are feeling hungry.
Your adder closely misses Deemzul's ghost.
The adder bites your ball python.
Your ball python dies!
Deemzul's ghost hits you.
* * * LOW HITPOINT WARNING * * *
Your adder bites Deemzul's ghost.
Casting: Sticks to Snakes
Confirm with . or Enter, or press ? or * to list all spells.
You don't have enough magic to cast that spell.
Casting: Sticks to Snakes
Confirm with . or Enter, or press ? or * to list all spells.
You create a snake!
You now have 45 arrows.
Deemzul's ghost hits you.
* * * LOW HITPOINT WARNING * * *
Your adder misses Deemzul's ghost. The adder bites your adder.
Your adder is poisoned.
The adder poisons your adder! Deemzul's ghost hits you.
You die...

...##....#...≈≈≈...###########
##.##.####..≈≈≈≈≈............#
...##.# #..≈≈♣≈≈...#####.##.#
#####.# #..≈≈≈≈≈...# #.##.#
... ... ♣...≈≈≈...♣# #.##.#
### #.# ♣♣.....(.♣♣ ###.##.#
#.# ♣♣.....♣♣ #...##.#### #.#
♣♣..S♣♣ ###........ #####.#
♣♣....@♣♣ ###.##.#### .<..(.#
♣♣.....W.♣♣ #..........
......# ♣...≈≈≈S..♣
#.######### #######
♣♣..≈≈≈≈S..♣♣ #.#
♣...≈≈_≈≈...♣ #.# ♣..≈≈≈≈≈..♣♣
#.# ♣...≈†≈...♣ #.#
♣♣.......♣♣ #.# ♣♣.....♣♣ #.#


You could see Deemzul's ghost, an adder and 2 friendly adders.

Vanquished Creatures
  6 adders
  An ooze (D:2)
  A dart slug (D:1)
  A leopard gecko (D:1)
  4 bats
  6 giant cockroaches
  7 goblins
  6 hobgoblins
  2 jackals (D:1)
  A quokka (D:2)
  4 ball pythons
  3 frilled lizards
  5 kobolds
  6 rats
53 creatures vanquished.

Notes
Turn   | Place    | Note
-------+----------+-------------------------------------------
     0 | D:1      | Minion the Draconian Transmuter began the quest for the Orb.
     0 | D:1      | Reached XP level 1. HP: 16/16 MP: 3/3
    97 | D:1      | Reached XP level 2. HP: 22/23 MP: 5/5
   120 | D:1      | Learned a level 2 spell: Sticks to Snakes
   589 | D:1      | Reached XP level 3. HP: 28/28 MP: 6/6
   961 | D:2      | Learned a level 3 spell: Spider Form
  1221 | D:2      | Reached XP level 4. HP: 36/36 MP: 7/7
  1437 | D:2      | Found a runed door.
  1800 | D:3      | Found a white marble altar of Elyvilon.
  1855 | D:3      | Noticed Deemzul's ghost (weakling FeBe)
  1870 | D:3      | Slain by Deemzul's ghost

Skill      XL: |  1  2  3  4 |
---------------+-------------+-----
Dodging        | 2 |  2.5
Fighting       | 2 |  2.1
Transmutations | 3 |  3.0
Unarmed Combat | |  3.6
Spellcasting   | |  2.5

Action                   |  1- 3 |  4- 6 || total
-------------------------+-------+-------++-------
Melee: Unarmed           |   128 |    59 ||   187
       Tailslap          |    12 |     6 ||    18
       Headbutt          |     4 |       ||     4
       Punch             |     2 |     1 ||     3
 Cast: Beastly Appendage |     2 |     1 ||     3
       Sticks to Snakes  |       |     3 ||     3
 Stab: Sleeping          |       |     2 ||     2
  Eat: Chunk             |     1 |     2 ||     3
Armor: Skin              |    32 |    19 ||    51
Dodge: Dodged            |    69 |    46 ||   115
